 Dungeon Crawl Stone Soup version 0.22-a0-113-gdd6f4a9 (webtiles) character file.

614 kuniqs the Charmwright (level 7, -3/56 HPs)
             Began as a Gnoll Skald on Jan 28, 2018.
             Slain by an ice beast (10 damage)
             ... on level 3 of the Dungeon.
             The game lasted 00:08:26 (4198 turns).

kuniqs the Charmwright (Gnoll Skald)                Turns: 4198, Time: 00:08:27

Health: -3/56      AC: 13    Str: 15    XL:     7   Next: 44%
Magic:  15/15      EV:  9    Int: 15    God:
Gold:   244        SH:  0    Dex: 15    Spells: 14/17 levels left

rFire    . . .     SeeInvis .   a - +0 falchion
rCold    . . .     Gourm    .   (no shield)
rNeg     . . .     Faith    .   g - +0 chain mail
rPois    .         Spirit   .   r - +0 helmet
rElec    .         Reflect  .   t - +0 cloak
rCorr    .         Harm     .   (no gloves)
MR       .....                  f - +1 pair of boots
Stlth    ..........             (no amulet)
HPRegen  0.18/turn              (no ring)
MPRegen  0.14/turn              (no ring)

@: no status effects
A: distributed training, fangs 1, strong nose
a: no special abilities


You were on level 3 of the Dungeon.
You were hungry.

You visited 1 branch of the dungeon, and saw 5 of its levels.

You collected 244 gold pieces.

Inventory:

Hand Weapons
 a - a +0 falchion (weapon)
Armour
 f - a +1 pair of boots (worn)
 g - a +0 chain mail (worn)
 r - a +0 helmet (worn)
 t - a +0 cloak (worn)
Scrolls
 i - 2 scrolls of blinking {unknown}
 k - a scroll of fear {unknown}
 l - 4 scrolls of identify {unknown}
 p - 5 scrolls of teleportation {unknown}
 q - a scroll of immolation {unknown}
 s - 2 scrolls of remove curse {unknown}
 u - 2 scrolls of magic mapping {unknown}
 v - a scroll of enchant weapon {unknown}
Potions
 b - 5 potions of curing {unknown}
 e - 2 potions of resistance {unknown}
 h - a potion of mutation {unknown}
 m - 2 potions of agility {unknown}
 n - a potion of lignification {unknown}
 o - a potion of invisibility {unknown}
Books
 c - a book of Battle

   Spells                             Type                      Level
   a - Infusion                       Charms                       1
   b - Shroud of Golubria             Charms/Translocation         2
   c - Song of Slaying                Charms                       2
   d - Spectral Weapon                Hexes/Charms                 3
   e - Regeneration                   Charms/Necromancy            3
Comestibles
 d - 10 rations


   Skills:
 + Level 5.2 Fighting
 + Level 2.4 Short Blades
 + Level 5.2 Long Blades
 + Level 2.4 Axes
 + Level 2.4 Maces & Flails
 + Level 2.4 Polearms
 + Level 2.4 Staves
 + Level 2.4 Slings
 + Level 2.4 Bows
 + Level 2.4 Crossbows
 + Level 2.4 Throwing
 + Level 3.6 Armour
 + Level 5.2 Dodging
 + Level 2.4 Stealth
 + Level 2.4 Shields
 + Level 2.4 Unarmed Combat
 + Level 5.6 Spellcasting
 + Level 2.0 Conjurations
 + Level 2.0 Hexes
 + Level 5.8 Charms
 + Level 2.0 Summonings
 + Level 2.0 Necromancy
 + Level 2.0 Translocations
 + Level 2.0 Transmutations
 + Level 2.0 Fire Magic
 + Level 2.0 Ice Magic
 + Level 2.0 Air Magic
 + Level 2.0 Earth Magic
 + Level 2.0 Poison Magic
 + Level 2.7 Invocations
 + Level 2.4 Evocations


You had 14 spell levels left.
You knew the following spells:

 Your Spells              Type           Power        Failure   Level  Hunger
a - Infusion              Chrm           ###.         26%         1    None
b - Song of Slaying       Chrm           ###.....     38%         2    #......


Dungeon Overview and Level Annotations

Branches:
Dungeon (5/15)
 Temple: D:4-7

Altars:
Xom

Shops:
D:4 [


Innate Abilities, Weirdness & Mutations

Your experience applies equally to all skills.
You have very sharp teeth.
Your uncanny sense of smell can sniff out nearby items.


Message History

The ice beast barely misses you.
You riposte.
You closely miss the ice beast. You hit the ice beast.
You bite the ice beast, but do no damage.
The ice beast barely misses you.
You hit the ice beast. The ice beast misses you.
You hit the ice beast but do no damage. You bite the ice beast.
The ice beast hits you but does no damage.
You closely miss the ice beast.
You punch the ice beast, but do no damage.
The ice beast hits you but does no damage.
You closely miss the ice beast. The ice beast completely misses you.
You hit the ice beast but do no damage. The ice beast hits you.
The ice beast freezes you!
* * * LOW HITPOINT WARNING * * *
You barely miss the ice beast.
The ice beast hits you but does no damage.
You hit the ice beast but do no damage. The ice beast hits you.
* * * LOW HITPOINT WARNING * * *
The ice beast freezes you!
You die...

......##รท.###########..........(.
##..#.###.....(....##............
##.......[)......................
................................#
.#.####................#...#...##
.....####..........##.####..####
......# #..........##.#####.#
......###..........##.#.....##
........#.....).@..##..8...8.##
.............<.##Y..#.........##
.....#.....##...##...8...<...8.#
.....#..#..###................##
.........#.###..####.#.8...8..#
.....###.....#..####.#........#
.##.## ####.......##).)).###.##
....### ##...##..#....^....#
###...# #.#...#...........####


You could see an ice beast.

Vanquished Creatures
  An ice beast (D:5)
  A scorpion (D:5)
  A crimson imp (D:5)
  A jelly (D:5)
  A bullfrog skeleton (D:5)
  2 orc priests (D:4)
  Jessica (D:3)
  An orc wizard (D:4)
  3 worker ants
  Robin (D:3)
  4 adders
  An ooze (D:4)
  2 worms (D:4)
  12 dart slugs
  7 leopard geckos
  8 orcs
  2 giant cockroaches
  12 goblins
  14 hobgoblins
  5 jackals
  14 kobolds
  2 quokkas
  3 ball pythons
  7 bats
  4 frilled lizards
  A jackal skeleton (D:4)
  A leopard gecko skeleton (D:4)
  4 rats
116 creatures vanquished.

Notes
Turn   | Place    | Note
-------+----------+-------------------------------------------
     0 | D:1      | kuniqs the Gnoll Skald began the quest for the Orb.
     0 | D:1      | Reached XP level 1. HP: 20/20 MP: 6/6
   103 | D:1      | Reached XP level 2. HP: 22/26 MP: 7/7
   369 | D:1      | Reached XP level 3. HP: 28/31 MP: 9/9
   499 | D:1      | Reached skill level 5 in Spellcasting
   593 | D:2      | You fall through a shaft!
   618 | D:2      | You fall through a shaft!
   619 | D:3      | CMON
   682 | D:2      | Reached skill level 1 in Invocations
  1055 | D:3      | Noticed Robin
  1060 | D:3      | Reached skill level 1 in Short Blades
  1060 | D:3      | Reached skill level 1 in Axes
  1060 | D:3      | Reached skill level 1 in Maces & Flails
  1060 | D:3      | Reached skill level 1 in Polearms
  1060 | D:3      | Reached skill level 1 in Staves
  1060 | D:3      | Reached skill level 1 in Slings
  1060 | D:3      | Reached skill level 1 in Bows
  1060 | D:3      | Reached skill level 1 in Crossbows
  1060 | D:3      | Reached skill level 1 in Throwing
  1060 | D:3      | Reached skill level 1 in Stealth
  1060 | D:3      | Reached skill level 1 in Shields
  1060 | D:3      | Reached skill level 1 in Unarmed Combat
  1060 | D:3      | Reached skill level 1 in Evocations
  1072 | D:3      | Reached XP level 4. HP: 24/38 MP: 11/11
  1121 | D:3      | Killed Robin
  1464 | D:3      | Reached skill level 1 in Conjurations
  1464 | D:3      | Reached skill level 1 in Hexes
  1464 | D:3      | Reached skill level 1 in Summonings
  1464 | D:3      | Reached skill level 1 in Necromancy
  1464 | D:3      | Reached skill level 1 in Translocations
  1464 | D:3      | Reached skill level 1 in Transmutations
  1464 | D:3      | Reached skill level 1 in Fire Magic
  1464 | D:3      | Reached skill level 1 in Ice Magic
  1464 | D:3      | Reached skill level 1 in Air Magic
  1464 | D:3      | Reached skill level 1 in Earth Magic
  1464 | D:3      | Reached skill level 1 in Poison Magic
  1690 | D:3      | Noticed Jessica
  1711 | D:3      | Killed Jessica
  1711 | D:3      | Reached XP level 5. HP: 27/43 MP: 12/12
  2070 | D:4      | Found Narhouq's Armour Shoppe.
  2783 | D:4      | Found a shimmering altar of Xom.
  3002 | D:4      | Reached XP level 6. HP: 35/50 MP: 13/13
  3089 | D:4      | Reached skill level 5 in Fighting
  3089 | D:4      | Reached skill level 5 in Long Blades
  3089 | D:4      | Reached skill level 5 in Dodging
  3406 | D:5      | Entered Level 5 of the Dungeon
  3467 | D:5      | Noticed an ice beast
  3487 | D:5      | Killed an ice beast
  3487 | D:5      | Reached XP level 7. HP: 55/56 MP: 15/15
  3781 | D:5      | Learned a level 2 spell: Song of Slaying
  4198 | D:3      | Slain by an ice beast

Vault maps used:
D:1:      shiori_arrival_oz, minmay_tromino_v4_c
D:2:      first_ration
D:3:      grunt_ministairs_2, minmay_unequal, uniq_jessica, uniq_robin
D:4:      serial_shops, shop, hex_tiny, xom_teletrap_fun
D:5:      kennysheep_slugbush, minmay_temple_entry_statues_fountains

Skill      XL: |  1  2  3  4  5  6  7 |
---------------+----------------------+-----
Spellcasting   | 5 |  5.6
Invocations    | 1 2 |  2.7
Short Blades   | 1 2 |  2.4
Axes           | 1 2 |  2.4
Maces & Flails | 1 2 |  2.4
Polearms       | 1 2 |  2.4
Staves         | 1 2 |  2.4
Slings         | 1 2 |  2.4
Bows           | 1 2 |  2.4
Crossbows      | 1 2 |  2.4
Throwing       | 1 2 |  2.4
Stealth        | 1 2 |  2.4
Shields        | 1 2 |  2.4
Unarmed Combat | 1 2 |  2.4
Evocations     | 1 2 |  2.4
Conjurations   | 1 2 |  2.0
Hexes          | 1 2 |  2.0
Summonings     | 1 2 |  2.0
Necromancy     | 1 2 |  2.0
Translocations | 1 2 |  2.0
Transmutations | 1 2 |  2.0
Fire Magic     | 1 2 |  2.0
Ice Magic      | 1 2 |  2.0
Air Magic      | 1 2 |  2.0
Earth Magic    | 1 2 |  2.0
Poison Magic   | 1 2 |  2.0
Armour         | 3 |  3.6
Fighting       | 5 |  5.2
Long Blades    | 5 |  5.2
Dodging        | 5 |  5.2
Charms         | |  5.8

Action                   |  1- 3 |  4- 6 |  7- 9 || total
-------------------------+-------+-------+-------++-------
Melee: Falchion          |   137 |   302 |    99 ||   538
       Bite              |    14 |    47 |    14 ||    75
       Punch             |     1 |     2 |     2 ||     5
 Cast: Infusion          |     1 |       |       ||     1
  Eat: Chunk             |     1 |     8 |     2 ||    11
Armor: Leather armour    |     5 |       |       ||     5
       Chain mail        |   124 |   253 |    58 ||   435
Dodge: Dodged            |    89 |   163 |    45 ||   297
       Rpst.: Falchion   |    27 |    53 |     8 ||    88

Table legend:
 A = Spawn XP
 B = Non-spawn XP
 C = Spawn XP percentage of total XP
 D = Spawn monster count
 E = Non-spawn monster count
 F = Spawn count percentage of total count
 G = Total turns spent on level
                    A         B        C        D         E        F      G
               +---------+---------+-------+---------+---------+-------+---------
         Total |       0 |     878 |   0.0 |       0 |     116 |   0.0 |  4198
               +---------+---------+-------+---------+---------+-------+---------
           D:1 |       0 |      41 |   0.0 |       0 |      23 |   0.0 |   559
           D:2 |       0 |      18 |   0.0 |       0 |      11 |   0.0 |   406
           D:3 |       0 |     165 |   0.0 |       0 |      42 |   0.0 |  1094
           D:4 |       0 |     252 |   0.0 |       0 |      24 |   0.0 |  1392
           D:5 |       0 |     402 |   0.0 |       0 |      16 |   0.0 |   747
               +---------+---------+-------+---------+---------+-------+---------
